 Dungeon Crawl Stone Soup version 0.25.0-9-g26727b657a (console) character file.

Game seed: 1191538649828379116

65 Kagalorn the Insei (level 4, -2/26 HPs)
             Began as a Kobold Transmuter on June 18, 2020.
             Slain by a quokka (4 damage)
             ... on level 2 of the Dungeon.
             The game lasted 00:03:50 (1622 turns).

Kagalorn the Insei (Kobold Transmuter)              Turns: 1622, Time: 00:03:51

Health: -2/26      AC:  2    Str:  8    XL:     4   Next: 35%
Magic:  6/7        EV: 15    Int: 14    God:
Gold:   13         SH:  0    Dex: 15    Spells: 6/7 levels left

rFire    . . .     SeeInvis .     - Unarmed
rCold    . . .     Gourm    .   (shield restricted)
rNeg     . . .     Faith    .   b - +0 robe
rPois    .         Spirit   .   (no helmet)
rElec    .         Reflect  .   (no cloak)
rCorr    .         Harm     .   (no gloves)
MR       .....                  (boots currently unavailable)
Stlth    +.........             (no amulet)
HPRegen  0.08/turn              (no ring)
MPRegen  0.10/turn              (no ring)

@: appendage
A: small, talons 3, carnivore
a: End Transformation


You were on level 2 of the Dungeon.
You were hungry.
You had grown temporary talons.
You visited 1 branch of the dungeon, and saw 2 of its levels.

You collected 13 gold pieces.

Inventory:

Missiles
 c - a throwing net (quivered)
Armour
 b - a +0 robe (worn)
Scrolls
 a - a scroll of identify {unknown}
 f - a scroll of magic mapping {unknown}
 g - 2 scrolls of enchant armour {unknown}
 h - a scroll of enchant weapon {unknown}
Potions
 e - a potion of degeneration {unknown}
 i - a potion of brilliance {unknown}
 j - a potion of berserk rage {unknown}
Comestibles
 d - a ration


   Skills:
 + Level 2.0 Fighting
 - Level 2.5 Dodging
 * Level 3.8 Unarmed Combat
 - Level 2.2 Spellcasting
 * Level 3.0 Transmutations


You had 6 spell levels left.
You knew the following spells:

 Your Spells              Type           Power        Failure   Level  Hunger
a - Beastly Appendage     Tmut           ##....       7%          1    #......

Your spell library contained the following spells:

 Spells                   Type           Power        Failure   Level  Hunger
 Sticks to Snakes         Tmut           ##......     10%         2    ###....
 Spider Form              Tmut/Pois      #.........   36%         3    ###....
 Ice Form                 Ice/Tmut       #.......     77%         4    #####..
 Blade Hands              Tmut           ##........   88%         5    ######.


Dungeon Overview and Level Annotations

Branches:
Dungeon (2/15)

Altars:


Innate Abilities, Weirdness & Mutations

You are small and have problems with some larger weapons.
You are carnivorous and can eat meat at any time.
You have claws for feet.


Message History

You barely miss the adder.
The adder is almost dead.
The adder barely misses you.
You hit the adder.
You kill the adder!
Your Fighting skill increases to level 2!
Your Transmutations skill increases to level 3!
The quokka barely misses you.
You hit the quokka.
The quokka is lightly wounded.
The quokka bites you.
* * * LOW HITPOINT WARNING * * *
Casting: Beastly Appendage (safe; 7% risk of failure)
Confirm with . or Enter, or press ? or * to list all spells.
You extend your transformation's duration.
The quokka barely misses you.
You miss the quokka. Your kick misses the quokka.
The quokka is lightly wounded.
The quokka bites you.
You die...

...#
.!....##...$..##...
#.## ......##......#
#
#.####............###
.....######.....[##
#.##.# ######.#
#.##.# #†# #....# #.#
####.#### #r#
#.......########@#
.....##.##.......#
#.##.......####### #.
####.#### # #.# ..#
####


You could see a quokka.

Vanquished Creatures
  2 adders (D:2)
  2 oozes (D:1)
  A leopard gecko (D:1)
  8 giant cockroaches (D:1)
  A goblin (D:1)
  2 hobgoblins (D:1)
  4 jackals (D:1)
  2 quokkas (D:2)
  A ball python (D:1)
  3 bats
  4 kobolds (D:1)
  6 rats (D:1)
36 creatures vanquished.

Notes
Turn   | Place    | Note
-------+----------+-------------------------------------------
     0 | D:1      | Kagalorn the Kobold Transmuter began the quest for the Orb.
     0 | D:1      | Reached XP level 1. HP: 12/12 MP: 3/3
     1 | D:1      | Found a runed translucent door.
   418 | D:1      | Reached XP level 2. HP: 14/16 MP: 3/5
  1051 | D:1      | Reached XP level 3. HP: 20/20 MP: 4/6
  1553 | D:2      | Reached XP level 4. HP: 25/26 MP: 4/7
  1622 | D:2      | Slain by a quokka

Illustrated notes

Levels and vault maps discovered:
D:1:      dpeg_arrival_caged_fury, layout_loops_ring
D:2:      layout_loops_cross, first_ration, guppyfry_early_lair_pool

Skill      XL: |  1  2  3  4 |
---------------+-------------+-----
Fighting       | 2 |  2.0
Transmutations | 3 |  3.0
Dodging        | |  2.5
Unarmed Combat | |  3.8
Spellcasting   | |  2.2

Action                   |  1- 3 |  4- 6 || total
-------------------------+-------+-------++-------
Melee: Unarmed           |   144 |    17 ||   161
       Headbutt          |     6 |       ||     6
       Kick              |     9 |     2 ||    11
       Punch             |     1 |       ||     1
 Cast: Beastly Appendage |    21 |     3 ||    24
  Eat: Chunk             |     2 |       ||     2
Armor: Robe              |    17 |     4 ||    21
Dodge: Dodged            |   111 |    22 ||   133
